BSA
NIAGARA FALLS FRENZY @ NEW ORLEANS LOOTERS
05/03/2026
 
TOP OF THE 1ST
Niagara Falls Frenzy batting - Pitching for New Orleans Looters : RHP Edward Baker
Pitching: RHP Edward Baker
Batting: SHB Martín De Jesús 0-0: Foul Ball, location: 2F
0-1: Ball
1-1: Foul Ball, location: 2F
1-2: Strikes out looking
Batting: LHB Clyde Yarbrough 0-0: Called Strike
0-1: Ball
1-1: Called Strike
1-2: Fly out, F9 (Line Drive, 9S)
Batting: LHB Dante Owens 0-0: Ball
1-0: SINGLE (Groundball, 34)
Batting: RHB Lawrence Schroeder 0-0: Called Strike
0-1: SINGLE (Groundball, 6M)
Dante Owens to second
Runner from 2nd tries for 3rd, SAFE, no throw or cutoff
Batting: LHB Bill Hall 0-0: Foul Ball, location: 2F
0-1: Foul Ball, location: 2F
0-2: Foul Ball, location: 2F
0-2: Ball
1-2: Ball
2-2: Foul Ball, location: 2F
2-2: Ground out 3-1 (Groundball, 34)
Top of the 1st over - 0 run(s), 2 hit(s), 0 error(s), 2 left on base; Niagara Falls 0 - New Orleans 0
BOTTOM OF THE 1ST
New Orleans Looters batting - Pitching for Niagara Falls Frenzy : RHP Tom Moore
Pitching: RHP Tom Moore
Batting: RHB Rich Ruffin 0-0: Ball
1-0: Foul Ball, location: 2F
1-1: Foul Ball, location: 2F
1-2: Ball
2-2: Strikes out swinging
Batting: LHB Justino Salas 0-0: Ball
1-0: Ball
2-0: Ground out 4-3 (Groundball, 34)
Batting: SHB Zach Franks 0-0: SINGLE (Line Drive, 6D)
Batting: LHB Taylor Smith 0-0: Called Strike
0-1: Ball
1-1: Swinging Strike
1-2: Strikes out swinging
Bottom of the 1st over - 0 run(s), 1 hit(s), 0 error(s), 1 left on base; Niagara Falls 0 - New Orleans 0
TOP OF THE 2ND
Niagara Falls Frenzy batting - Pitching for New Orleans Looters : RHP Edward Baker
Batting: RHB Ángel Hinojosa 0-0: DOUBLE (Line Drive, 5L)
Batting: RHB Gerald Burnett 0-0: Ball
1-0: Called Strike
1-1: Foul Ball, location: 2F
1-2: Ball
2-2: Ball
3-2: Base on Balls
Batting: SHB Jong-min Kim 0-0: Called Strike
0-1: Fly out, F8 (Flyball, 8LXD)
Runner from 2nd tags up, SAFE at 3rd, no throw
Batting: RHB Santiago Zambrano 0-0: Grounds into double play, 6-4-3 (Groundball, 6)
Top of the 2nd over - 0 run(s), 1 hit(s), 0 error(s), 1 left on base; Niagara Falls 0 - New Orleans 0
BOTTOM OF THE 2ND
New Orleans Looters batting - Pitching for Niagara Falls Frenzy : RHP Tom Moore
Batting: RHB Francisco Ibarra 0-0: Foul Ball, location: 2F
0-1: Ball
1-1: Ball
2-1: Foul Ball, location: 2F
2-2: Strikes out swinging
Batting: SHB Nate Rhodes 0-0: Ball
1-0: SINGLE (Line Drive, 8LS)
Batting: LHB Luis Sánchez 0-0: Called Strike
0-1: Called Strike
0-2: Ball
1-2: SINGLE (Line Drive, 56D)
Nate Rhodes to second
Batting: RHB Dave O'Loan 0-0: Ball
Nate Rhodes steals 3rd base
Luis Sánchez to second
1-0: Ball
2-0: SINGLE (Groundball, 56D)
Nate Rhodes scores
Luis Sánchez to third
Runner from 3rd tries for Home, SAFE, no throw or cutoff
Batting: RHB Ángel Castaneda 0-0: Called Strike
0-1: Reached on error, E1 (Groundball, 15S)
Dave O'Loan to second
Batting: RHB Rich Ruffin 0-0: Called Strike
0-1: Swinging Strike
0-2: SINGLE (Groundball, 56D)
Dave O'Loan to third
Ángel Castaneda to second
Runner from 3rd tries for Home, SAFE, throw made home
Batting: LHB Justino Salas 0-0: Ball
1-0: Foul Ball, location: 2F
1-1: Called Strike
1-2: Ball
2-2: Fly out, F6 (Popup, 6)
Batting: SHB Zach Franks 0-0: Ball
1-0: Ground out 4-3 (Groundball, 4)
Bottom of the 2nd over - 3 run(s), 4 hit(s), 1 error(s), 2 left on base; Niagara Falls 0 - New Orleans 3
TOP OF THE 3RD
Niagara Falls Frenzy batting - Pitching for New Orleans Looters : RHP Edward Baker
Batting: SHB Martín De Jesús 0-0: Ball
1-0: Foul Ball, location: 2F
1-1: SOLO HOME RUN (Flyball, 78XD), Distance : 395 ft
Batting: LHB Clyde Yarbrough 0-0: Called Strike
0-1: Swinging Strike
0-2: Fly out, F9 (Flyball, 9D)
Batting: LHB Dante Owens 0-0: Called Strike
0-1: Ground out 4-3 (Groundball, 4)
Batting: RHB Lawrence Schroeder 0-0: Fly out, F8 (Flyball, 8RXD)
Top of the 3rd over - 1 run(s), 1 hit(s), 0 error(s), 0 left on base; Niagara Falls 1 - New Orleans 3
BOTTOM OF THE 3RD
New Orleans Looters batting - Pitching for Niagara Falls Frenzy : RHP Tom Moore
Batting: LHB Taylor Smith 0-0: Called Strike
0-1: SOLO HOME RUN (Line Drive, 89XD), Distance : 402 ft
Batting: RHB Francisco Ibarra 0-0: Ball
1-0: Foul Ball, location: 2F
1-1: Ball
2-1: Ball
3-1: Base on Balls
Batting: SHB Nate Rhodes 0-0: Ball
1-0: Called Strike
1-1: Fly out, F8 (Flyball, 8RXD)
Runner from 1st tags up, SAFE at 2nd
Batting: LHB Luis Sánchez 0-0: Ball
Francisco Ibarra is caught stealing 3rd base
1-0: Called Strike
1-1: Ball
2-1: Ball
3-1: Swinging Strike
3-2: Foul Ball, location: 2F
3-2: Foul Ball, location: 2F
3-2: Foul Ball, location: 2F
3-2: SINGLE (Line Drive, 4)
Batting: RHB Dave O'Loan 0-0: Called Strike
0-1: Swinging Strike
0-2: Fly out, F9 (Flyball, 9LM)
Bottom of the 3rd over - 1 run(s), 2 hit(s), 0 error(s), 1 left on base; Niagara Falls 1 - New Orleans 4
TOP OF THE 4TH
Niagara Falls Frenzy batting - Pitching for New Orleans Looters : RHP Edward Baker
Batting: LHB Bill Hall 0-0: Foul Ball, location: 2F
0-1: Ground out U3 (Groundball, 3)
Batting: RHB Ángel Hinojosa 0-0: Foul Ball, location: 2F
0-1: Called Strike
0-2: Fly out, F8 (Popup, 4MD)
Batting: RHB Gerald Burnett 0-0: Ground out 4-3 (Groundball, 4)
Top of the 4th over - 0 run(s), 0 hit(s), 0 error(s), 0 left on base; Niagara Falls 1 - New Orleans 4
BOTTOM OF THE 4TH
New Orleans Looters batting - Pitching for Niagara Falls Frenzy : RHP Tom Moore
Batting: RHB Ángel Castaneda 0-0: Ball
1-0: Called Strike
1-1: Called Strike
1-2: Ground out 6-3 (Groundball, 56)
Batting: RHB Rich Ruffin 0-0: Ball
1-0: Ball
2-0: Called Strike
2-1: Reached on error, E5 (Groundball, 56)
Batting: LHB Justino Salas 0-0: Swinging Strike
0-1: Ball
1-1: SINGLE (Line Drive, 5)
Rich Ruffin to second
Batting: SHB Zach Franks 0-0: Called Strike
0-1: Ball
1-1: DOUBLE (Flyball, 9LM)
Rich Ruffin scores
Justino Salas to third
Batting: LHB Taylor Smith 0-0: Ball
1-0: Called Strike
1-1: Swinging Strike
1-2: Ball
2-2: Foul Ball, location: 2F
2-2: Strikes out looking
Batting: RHB Francisco Ibarra 0-0: Called Strike
0-1: Ball
1-1: Fly out, F2 (Popup, 23F)
Bottom of the 4th over - 1 run(s), 2 hit(s), 1 error(s), 2 left on base; Niagara Falls 1 - New Orleans 5
TOP OF THE 5TH
Niagara Falls Frenzy batting - Pitching for New Orleans Looters : RHP Edward Baker
Batting: SHB Jong-min Kim 0-0: Ball
1-0: Called Strike
1-1: SINGLE (Line Drive, 6M)
Batting: RHB Santiago Zambrano 0-0: Called Strike
0-1: Fly out, F8 (Flyball, 8RM)
Batting: SHB Martín De Jesús 0-0: Called Strike
0-1: Swinging Strike
0-2: Ball
1-2: Strikes out swinging
Batting: LHB Clyde Yarbrough 0-0: Foul Ball, location: 2F
0-1: DOUBLE (Flyball, 78XD)
Jong-min Kim to third
Runner from 3rd tries for Home, SAFE, no throw or cutoff
Batting: LHB Dante Owens 0-0: Ball
1-0: Ground out U3 (Groundball, 3)
Top of the 5th over - 1 run(s), 2 hit(s), 0 error(s), 1 left on base; Niagara Falls 2 - New Orleans 5
BOTTOM OF THE 5TH
New Orleans Looters batting - Pitching for Niagara Falls Frenzy : RHP Tom Moore
Pitching: LHP António Bueno
Batting: SHB Nate Rhodes 0-0: Bunt missed!
0-1: Ball
1-1: Swinging Strike
1-2: Ball
2-2: Foul Ball, location: 2F
2-2: Ball
3-2: Base on Balls
Batting: LHB Luis Sánchez 0-0: Ball
1-0: Ball
2-0: Fly out, F6 (Popup, 78S)
Batting: RHB Dave O'Loan 0-0: Ball
1-0: Ball
2-0: Called Strike
2-1: Ball
3-1: Ground out 5-3 (Groundball, 5S)
Nate Rhodes to second
Batting: RHB Ángel Castaneda 0-0: Swinging Strike
0-1: Ball
1-1: Ball
2-1: Swinging Strike
2-2: Foul Ball, location: 2F
2-2: Strikes out swinging
Bottom of the 5th over - 0 run(s), 0 hit(s), 0 error(s), 1 left on base; Niagara Falls 2 - New Orleans 5
TOP OF THE 6TH
Niagara Falls Frenzy batting - Pitching for New Orleans Looters : RHP Edward Baker
Batting: RHB Lawrence Schroeder 0-0: Ball
1-0: Foul Ball, location: 2F
1-1: Called Strike
1-2: Strikes out swinging
Batting: LHB Bill Hall 0-0: Called Strike
0-1: Ball
1-1: Swinging Strike
1-2: Ball
2-2: Ball
3-2: Fly out, F8 (Flyball, 89D)
Batting: RHB Ángel Hinojosa 0-0: Swinging Strike
0-1: Swinging Strike
0-2: Strikes out swinging
Top of the 6th over - 0 run(s), 0 hit(s), 0 error(s), 0 left on base; Niagara Falls 2 - New Orleans 5
BOTTOM OF THE 6TH
New Orleans Looters batting - Pitching for Niagara Falls Frenzy : LHP António Bueno
Batting: RHB Rich Ruffin 0-0: Called Strike
0-1: Ball
1-1: Swinging Strike
1-2: Foul Ball, location: 2F
1-2: Foul Ball, location: 2F
1-2: Ball
2-2: SINGLE (Groundball, 56)
Batting: LHB Justino Salas 0-0: Ball
1-0: Foul Ball, location: 2F
1-1: Grounds into double play, 3-6-3 (Groundball, 3)
Batting: SHB Zach Franks 0-0: Ball
1-0: Ball
2-0: Ground out 5-3 (Groundball, 5)
Bottom of the 6th over - 0 run(s), 1 hit(s), 0 error(s), 0 left on base; Niagara Falls 2 - New Orleans 5
TOP OF THE 7TH
Niagara Falls Frenzy batting - Pitching for New Orleans Looters : RHP Edward Baker
Batting: RHB Gerald Burnett 0-0: Called Strike
0-1: Ball
1-1: Foul Ball, location: 2F
1-2: Foul Ball, location: 2F
1-2: Ball
2-2: Ball
3-2: Ground out 4-3 (Groundball, 4)
Batting: SHB Jong-min Kim 0-0: Called Strike
0-1: Called Strike
0-2: Strikes out swinging
Batting: RHB Santiago Zambrano 0-0: Called Strike
0-1: Called Strike
0-2: Strikes out swinging
Top of the 7th over - 0 run(s), 0 hit(s), 0 error(s), 0 left on base; Niagara Falls 2 - New Orleans 5
BOTTOM OF THE 7TH
New Orleans Looters batting - Pitching for Niagara Falls Frenzy : LHP António Bueno
Batting: LHB Taylor Smith 0-0: Called Strike
0-1: Foul Ball, location: 2F
0-2: Ground out 4-3 (Groundball, 4)
Pitching: RHP Ed Jones
Batting: RHB Francisco Ibarra 0-0: Foul Ball, location: 2F
0-1: Foul Ball, location: 2F
0-2: Ground out 5-3 (Groundball, 15S)
Batting: SHB Nate Rhodes 0-0: Ball
1-0: Ball
2-0: Ground out U3 (Groundball, 3F)
Bottom of the 7th over - 0 run(s), 0 hit(s), 0 error(s), 0 left on base; Niagara Falls 2 - New Orleans 5
TOP OF THE 8TH
Niagara Falls Frenzy batting - Pitching for New Orleans Looters : RHP Edward Baker
Batting: SHB Martín De Jesús 0-0: Swinging Strike
0-1: Foul Ball, location: 2F
0-2: Ball
1-2: SINGLE (Popup, 6)
Batting: LHB Clyde Yarbrough 0-0: Ball
1-0: Ball
2-0: Foul Ball, location: 2F
2-1: Ball
3-1: Reached on error, E4 (Groundball, 4)
Martín De Jesús to second
Batting: LHB Dante Owens 0-0: Called Strike
0-1: Called Strike
0-2: Fly out, F7 (Flyball, 7M)
Batting: RHB Lawrence Schroeder 0-0: Foul Ball, location: 2F
0-1: Ball
1-1: Foul Ball, location: 2F
1-2: Strikes out swinging
Batting: LHB Bill Hall 0-0: Swinging Strike
0-1: Ground out 1-3 (Groundball, 25)
Top of the 8th over - 0 run(s), 1 hit(s), 1 error(s), 2 left on base; Niagara Falls 2 - New Orleans 5
BOTTOM OF THE 8TH
New Orleans Looters batting - Pitching for Niagara Falls Frenzy : RHP Ed Jones
Batting: LHB Luis Sánchez 0-0: Called Strike
0-1: Foul Ball, location: 2F
0-2: Ball
1-2: SINGLE (Flyball, 8RS)
Batting: RHB Dave O'Loan 0-0: Bunt missed!
0-1: Bunted foul
0-2: Ball
1-2: Ball
2-2: Foul Ball, location: 2F
2-2: Fly out, F9 (Flyball, 89S)
Batting: RHB Ángel Castaneda 0-0: Ball
1-0: Called Strike
1-1: Ball
2-1: Foul Ball, location: 2F
2-2: Ball
3-2: Fly out, F7 (Flyball, 7M)
Batting: RHB Rich Ruffin 0-0: Foul Ball, location: 2F
0-1: Ball
1-1: Swinging Strike
1-2: Strikes out swinging
Bottom of the 8th over - 0 run(s), 1 hit(s), 0 error(s), 1 left on base; Niagara Falls 2 - New Orleans 5
TOP OF THE 9TH
Niagara Falls Frenzy batting - Pitching for New Orleans Looters : RHP Edward Baker
Pitching: LHP Juan Méndez
Batting: RHB Ángel Hinojosa 0-0: Ball
1-0: Ball
2-0: Called Strike
2-1: Swinging Strike
2-2: Fly out, F7 (Flyball, 7M)
Batting: RHB Gerald Burnett 0-0: SINGLE (Line Drive, 8LS)
Batting: SHB Jong-min Kim 0-0: Foul Ball, location: 2F
0-1: Called Strike
0-2: Reached on error, E4 (Groundball, 34)
Gerald Burnett to second
Batting: RHB Santiago Zambrano 0-0: Ball
1-0: Fly out, F4 (Line Drive, 4M)
Batting: SHB Martín De Jesús 0-0: Ball
1-0: Swinging Strike
1-1: Swinging Strike
1-2: Strikes out swinging
Top of the 9th over - 0 run(s), 1 hit(s), 1 error(s), 2 left on base; Niagara Falls 2 - New Orleans 5
Monday, December 5th, 2016 - OOTP Baseball 17.12 Build 75